 Dungeon Crawl Stone Soup version 0.30-a0-279-g4b46babb21 (webtiles) character file.

Game seed: 2561397838145914976

466 lunkers the Chucker (level 7, -1/59 HPs)
             Began as a Meteoran Wanderer on Oct 17, 2022.
             Was a Believer of Zin.
             Slain by an orc
             ... wielding a +0 club
              (3 damage)
             ... on level 4 of the Dungeon.
             The game lasted 00:03:54 (1305 turns).

lunkers the Chucker (Meteoran Wanderer)             Turns: 1305, Time: 00:03:55

Health: -1/59      AC: 14    Str: 16    XL:     7   Next: 55%
Magic:  8/8        EV:  7    Int: 12    God:    Zin [**....]
Gold:   114        SH:  0    Dex: 15    Spells: 6/6 levels left

rFire   . . .      SeeInvis .    a - +3 dagger
rCold   . . .      Faith    .    t - orb {light}
rNeg    . . .      Spirit   .    u - +3 chain mail {Will+}
rPois   +          Reflect  .    x - +0 helmet
rElec   .          Harm     .    c - +0 cloak
rCorr   .          Rampage  .    (no gloves)
Will    +....                    (no boots)
Stlth   ..........               (no amulet)
HPRegen 0.29/turn                y - ring of wizardry
MPRegen 0.11/turn                B - ring of poison resistance

@: glowing
A: sense surroundings 1, otherworldly, glowing, explore regen
a: Renounce Religion, Recite, Vitalisation, Donate Gold


You were on level 4 of the Dungeon.
You worshipped Zin.
Zin was pleased with you.
You visited 1 branch of the dungeon, and saw 4 of its levels.

You collected 126 gold pieces.
You donated 12 gold pieces to Zin.

Inventory:

Hand Weapons
 a - a +3 dagger (weapon)
 o - a +1 whip of freezing
 C - a +2 flail of protection
Missiles
 b - 3 curare-tipped darts
 q - 4 poisoned darts
 s - 3 stones
Armour
 c - a +0 cloak (worn)
 e - a +0 leather armour
 t - an orb of light (worn)
 u - a +3 chain mail of willpower (worn)
 x - a +0 helmet (worn)
Jewellery
 y - a ring of wizardry (left hand)
 B - a ring of poison resistance (right hand)
Wands
 A - a wand of paralysis (5)
Scrolls
 f - 4 scrolls of teleportation {unknown}
 g - 2 scrolls of poison {unknown}
 h - a scroll of brand weapon {unknown}
 k - a scroll of blinking {unknown}
 l - a scroll of summoning {unknown}
 p - a scroll of vulnerability {unknown}
 v - a scroll of silence {unknown}
 w - a scroll of identify {unknown}
 z - a scroll of butterflies {unknown}
Potions
 d - a potion of haste
 i - 3 potions of degeneration {unknown}
 j - 2 potions of curing {unknown}
 m - 2 potions of heal wounds {unknown}
 n - 3 potions of mutation {unknown}
 r - a potion of lignification {unknown}
 D - a potion of might {unknown}


   Skills:
 + Level 4.0 Fighting
 - Level 6.0 Short Blades
 - Level 6.0 Throwing
 + Level 3.8 Armour
 - Level 2.4 Dodging


You had 6 spell levels left.
You didn't know any spells.
Your spell library contained the following spells:

 Spells                   Type           Power      Damage    Failure   Level
 Blink                    Tloc           0%         N/A       96%         2
 Manifold Assault         Tloc           0%         N/A       100%        4
 Storm Form               Tmut/Air       0%         N/A       100%        7


Dungeon Overview and Level Annotations

Branches:
Dungeon (4/15) Zot: 1134
 Temple: D:4-7

Altars:
Ashenzari
Cheibriados
Fedhas
Hepliaklqana
Nemelex Xobeh
Qazlal
Uskayaw
Wu Jian
Zin


Innate Abilities, Weirdness & Mutations

You passively map a small area around you.
You are easily found by Zot.
You glow in the dark.
You regain HP and MP as you explore.


Message History

Press: ? - help, Shift-Dir - straight line, f/p - orc priest
Aim: an orc priest, wielding a +0 hand axe (haloed, chance to affect: 49%)
The orc priest resists with some effort.
The orc priest hits you but does no damage.
The orc wizard hits you but does no damage.
The hobgoblin barely misses you. The orc hits you but does no damage.
The orc barely misses you.
Unknown command.
Aiming: Paralyse
Press: ? - help, Shift-Dir - straight line, f/p - orc priest
Aim: an orc priest, wielding a +0 hand axe (haloed, chance to affect: 49%)
The orc priest suddenly stops moving!
The orc wizard hits you with a +1 dagger of flaming.
* * * LOW HITPOINT WARNING * * *
The orc wizard burns you.
* * * LOW HITPOINT WARNING * * *
The hobgoblin hits you but does no damage.
The orc hits you but does no damage. x2
The helpless orc priest fails to defend itself.
You puncture the orc priest!
You kill the orc priest!
Your Fighting skill increases to level 4!
You hit the orc wizard.
The orc wizard is heavily wounded.
The hobgoblin closely misses you. The orc wizard closely misses you.
The orc hits you but does no damage. The orc hits you with a +0 short sword.
* * * LOW HITPOINT WARNING * * *
Aiming: Paralyse
Press: ? - help, Shift-Dir - straight line, f - orc wizard
Aim: an orc wizard, wielding a +1 dagger of flaming and wearing a +0 robe (heavily wounded, slightly transparent, haloed, chance to affect: 49%)
The orc wizard suddenly stops moving!
The hobgoblin hits you but does no damage.
The orc hits you with a +0 short sword.
* * * LOW HITPOINT WARNING * * *
The orc hits you but does no damage.
The helpless orc wizard fails to defend itself.
You impale the orc wizard!!
You kill the orc wizard!
The orc hits you with a +0 club.
You die...

#..............
#.............. ..
##.....................
##......#...............
...............#.......#
*
.........†.....#.......#
..........###.........#
......).....##........##
......)@.#.##...........
#.....goo#..........#..[
##.#....##...##.........
....#.###...##........#
#....## #....##....##..
#..., #...###....##.#
### * ##### ##.###...
####.... * ##...


You could see 2 orcs and a hobgoblin.

Vanquished Creatures
  Sigmund (D:2)
  Edmund (D:4)
  A hound (D:4)
  2 orc priests
  Terence (D:2)
  An orc wizard (D:4)
  3 adders
  A white imp (D:3)
  3 orcs (D:3)
  4 bats
  3 endoplasms
  2 giant cockroaches
  4 goblins
  4 hobgoblins
  3 quokkas
  5 ball pythons
  3 kobolds
42 creatures vanquished.

Notes
Turn   | Place    | Note
-------+----------+-------------------------------------------
     0 | D:1      | lunkers the Meteoran Wanderer began the quest for the Orb.
     0 | D:1      | lunkers set off with the following items: a +3 dagger, 4
                  | curare-tipped darts, a +0 cloak, a potion of haste, a +0
                  | leather armour.
     0 | D:1      | Reached XP level 1. HP: 17/17 MP: 2/2
   176 | D:1      | Reached skill level 1 in Short Blades
   211 | D:1      | Reached XP level 2. HP: 24/24 MP: 3/3
   417 | D:2      | Reached XP level 3. HP: 29/29 MP: 4/4
   451 | D:2      | Found a snail-covered altar of Cheibriados.
   456 | D:2      | Noticed Sigmund
   464 | D:2      | Killed Sigmund
   465 | D:2      | Reached skill level 5 in Short Blades
   465 | D:2      | Reached XP level 4. HP: 36/36 MP: 5/5
   465 | D:2      | Reached XP level 5. HP: 41/41 MP: 6/6
   465 | D:2      | Reached XP level 6. HP: 48/48 MP: 7/7
   518 | D:2      | Noticed Terence
   546 | D:2      | Killed Terence
   960 | D:3      | Found a faded altar of an unknown god.
   964 | D:3      | Found a hazy altar of Hepliaklqana.
   968 | D:3      | Prayed at the altar of an unknown god.
   968 | D:3      | Became a worshipper of Zin the Law-Giver
   968 | D:3      | Reached * piety under Zin
  1021 | D:3      | Found a stormy altar of Qazlal.
  1026 | D:3      | Found a blossoming altar of Fedhas.
  1028 | D:3      | Found a hide-covered altar of Uskayaw.
  1035 | D:3      | Found an ornate altar of the Wu Jian Council.
  1083 | D:3      | Reached ** piety under Zin
  1102 | D:3      | Found a broken altar of Ashenzari.
  1103 | D:3      | Found a sparkling altar of Nemelex Xobeh.
  1243 | D:4      | Noticed Edmund
  1255 | D:4      | Killed Edmund
  1256 | D:4      | Reached XP level 7. HP: 37/57 MP: 8/8
  1304 | D:4      | HP: 2/59 [orc/+0 short sword (1)]
  1305 | D:4      | Slain by an orc

Illustrated notes

Levels and vault maps discovered:
D:1:      nicolae_arrival_washed_ashore, layout_loops_cross,
          nicolae_ecumenical_snake_handling, minmay_fountain_box
D:2:      layout_basic, basic_altar, uniq_terence, uniq_sigmund
D:3:      layout_rooms, nicolae_overflow_quartered_altars,
          nicolae_overflow_ecumenical_swirl, mainiacjoe_overflow_divided_tiny
D:4:      layout_cave_pools, uniq_edmund

Skill      XL: |  1  2  3  4  5  6  7 |
---------------+----------------------+-----
Short Blades   | 1 2 5 6 |  6.0
Armour         | 3 |  3.8
Fighting       | 3 4 |  4.0
Throwing       | |  6.0
Dodging        | |  2.4

Action                   |  1- 3 |  4- 6 |  7- 9 || total
-------------------------+-------+-------+-------++-------
Melee: Dagger            |    24 |    97 |    20 ||   141
Throw: Dart              |     5 |     3 |       ||     8
Evoke: Wand              |       |     2 |     8 ||    10
 Stab: Paralysed         |       |     3 |     2 ||     5
Armor: Leather armour    |     7 |     3 |       ||    10
       Chain mail        |       |    89 |    31 ||   120
Dodge: Dodged            |     5 |    42 |    17 ||    64

Table legend: (Time is in decaauts)
 A = Elapsed time spent in this place.
 B = Non-inter-level travel time spent in this place.
 C = Inter-level travel time spent in this place.
 D = Time resting spent in this place.
 E = Time spent auto-exploring this place.
 F = Levels seen in this place.
 G = Mean time per level.
                   A        B        C        D        E       F      G
               +--------+--------+--------+--------+--------+-----+--------+
         Total |   1264 |   1224 |     40 |      0 |    897 |   4 |  316.0 |
       Dungeon |   1264 |   1224 |     40 |      0 |    897 |   4 |  316.0 |
               +--------+--------+--------+--------+--------+-----+--------+

Top non-repeatable levels by time:
     D:2: 631 daAuts
     D:3: 297 daAuts
     D:1: 265 daAuts
     D:4: 70 daAuts
